 Dungeon Crawl Stone Soup version 0.19-a0-607-g42021f0 (webtiles) character file.

2965 georgeearnest the Skirmisher (level 9, -2/81 HPs)
             Began as a Hill Orc Fighter on June 12, 2016.
             Was a Believer of Beogh.
             Slain by a green ugly thing (7 damage)
             ... on level 8 of the Dungeon.
             The game lasted 00:16:13 (8627 turns).

georgeearnest the Skirmisher (Hill Orc Fighter)     Turns: 8627, Time: 00:16:14

Health: -2/81      AC:  8    Str: 18 (20) XL:     9   Next: 82%
Magic:  4/4        EV: 12    Int:  8 (10) God:    Beogh [**....]
Gold:   826        SH: 16    Dex: 14 (15) Spells: 2 memorised, 5 levels left

rFire  + . .     SeeInvis .     u - +1 hand axe (antimagic)
rCold  x . .     Gourm    .     b - +0 scale mail
rNeg   . . .     Faith    .     i - +0 large shield
rPois  .         Spirit   .     (no helmet)
rElec  .         Dismiss  +     (no cloak)
rCorr  .         Reflect  .     (no gloves)
SustAt .         Harm     .     (no boots)
MR     .....                    x - amulet of dismissal
Stlth  +.........               (no ring)
                                z - ring of fire

@: agile, lethally poisoned (-2 -> -28), flayed, not resistant to hostile
enchantments, very unstealthy
A: blurry vision 1
a: Smiting, Renounce Religion


You were on level 8 of the Dungeon.
You worshipped Beogh.
Beogh was pleased with you.
You were not hungry.

You visited 1 branch of the dungeon, and saw 9 of its levels.
You also visited: Ossuary.

You collected 826 gold pieces.

Inventory:

Hand Weapons
 u - a +1 antimagic hand axe (weapon)
Missiles
 F - a throwing net (quivered)
Armour
 b - a +0 scale mail (worn)
 i - a +0 large shield (worn)
Jewellery
 x - an amulet of dismissal (around neck)
 z - a ring of fire (left hand)
 J - a cursed ring of teleportation {unknown}
Wands
 B - a wand of enslavement (10/24)
 C - a wand of paralysis (13/24)
Scrolls
 a - a scroll of magic mapping {unknown}
 c - 5 scrolls of enchant armour {unknown}
 e - 10 scrolls of identify {unknown}
 f - 6 scrolls of teleportation {unknown}
 j - 7 scrolls of remove curse {unknown}
 l - 2 scrolls of immolation {unknown}
 m - a scroll of fog {unknown}
 o - 2 scrolls of fear {unknown}
 t - 3 scrolls of amnesia {unknown}
 y - 2 scrolls of recharging {unknown}
 K - a scroll of enchant weapon {unknown}
 L - a scroll of blinking {unknown}
Potions
 n - a potion of lignification {unknown}
 p - 2 potions of brilliance {unknown}
 q - 2 potions of flight {unknown}
 r - 2 potions of degeneration
 v - a potion of cancellation {unknown}
 w - a potion of beneficial mutation {unknown}
 A - 2 potions of heal wounds {unknown}
 E - 3 potions of agility
 G - a potion of magic {unknown}
 H - 3 potions of mutation {unknown}
 I - a potion of ambrosia {unknown}
 M - a potion of haste {unknown}
Books
 d - a book of Air

   Spells                             Type                      Level
   a - Shock                          Conjuration/Air              1
   b - Swiftness                      Charms/Air                   2
   c - Repel Missiles                 Charms/Air                   2
   d - Static Discharge               Conjuration/Air              3
   e - Lightning Bolt                 Conjuration/Air              5
 s - a book of the Warp

   Spells                             Type                      Level
   a - Recall                         Summoning/Translocation      3
   b - Gell's Gravitas                Hexes/Translocation          3
   c - Force Lance                    Conjuration/Translocation    4
   d - Warp Weapon                    Charms/Translocation         5
   e - Summon Forest                  Summoning/Translocation      5
 D - a book of Enchantments

   Spells                             Type                      Level
   a - Cause Fear                     Hexes                        4
   b - Yara's Violent Unravelling     Hexes/Transmutation          5
   c - Silence                        Hexes/Air                    5
   d - Deflect Missiles               Charms/Air                   6
   e - Haste                          Charms                       6
   f - Discord                        Hexes                        8
Miscellaneous
 k - a phial of floods
Comestibles
 g - a slice of pizza
 h - 2 meat rations


   Skills:
 * Level 7.9 Fighting
 + Level 6.9 Axes
 + Level 2.9 Throwing
 + Level 7.1 Armour
 - Level 3.0 Dodging
 + Level 7.0 Shields
 + Level 2.3 Spellcasting
 - Level 1.0 Conjurations
 + Level 3.1 Hexes


You had 5 spell levels left.
You knew the following spells:

 Your Spells              Type           Power        Failure   Level  Hunger
a - Force Lance           Conj/Tloc      #.......     100%        4    #####..
b - Gell's Gravitas       Hex/Tloc       #.........   100%        3    ####...


Dungeon Overview and Level Annotations

Branches:
Dungeon (9/15)             Temple (0/1) D:6
   Lair: D:8-11         Orc: D:9-12

Altars:
Ashenzari
Cheibriados
Gozag
Nemelex Xobeh
Sif Muna
Vehumet
Xom
Zin

Annotations:
D:8 exclusion: statue


Innate Abilities, Weirdness & Mutations

Scrolls take you a little longer to read.


Message History

There is an open door, spattered with blood here.
* * * LOW HITPOINT WARNING * * *
You feel very sick.
Things that are here:
a club; a ring mail
* * * LOW HITPOINT WARNING * * *
You feel very sick.
The phantom blinks!
* * * LOW HITPOINT WARNING * * *
You feel very sick.
* * * LOW HITPOINT WARNING * * *
You feel very sick.
There is an open door, spattered with blood here.
Things that are here:
a shortbow; 17 arrows It was a potion of agility.
You feel agile all of a sudden.
* * * LOW HITPOINT WARNING * * *
You feel sick. The green ugly thing bites you!
You die...

'..#.##########
#..###.. ##......#
##..##.. ##......#
### ##.####
##......#
######.######.....
#.......#
#...>#......[...##
..##.####
#....#..(.....#.##
#.##.######
#....#........(..#
#.........#
#....#.........#.#
####.######
#@#########..(.#..
#.#
#Wu..#...8#.......
#.#
#....#....#....###
#.#
#...W#....#...###.
#.#
#....t....#...#...
#.#
######....#.....#.
####.#
#Oo..#....#[.
.....#
#....#......#
#.##.#
#....#.......


You could see a green ugly thing, a flayed ghost, a phantom, a crocodile, an
ogre and an orc wizard.

Vanquished Creatures
  The ghost of Stormphoenix the Carver, a novice DDFi of Makhleb (D:7)
  A wyvern (D:9)
  A water moccasin (D:8)
  An ice beast (D:5)
  3 orc warriors
  A black bear (D:8)
  A phantom (D:7)
  2 ogres
  2 centaurs
  The ghost of happinesssam the Charlatan, an amateur DsAr (D:3)
  2 giant frogs (D:6)
  A scorpion (D:5)
  2 water moccasin zombies (Ossuary)
  A howler monkey (D:8)
  3 crimson imps
  A jelly (D:8)
  3 hounds
  2 orc priests
  A gnoll shaman (D:8)
  2 centaur skeletons
  5 orc wizards
  2 worker ants
  2 big kobold zombies (Ossuary)
  2 hound skeletons
  2 mummies (Ossuary)
  3 gnolls (D:6)
  7 adders
  3 adder zombies (Ossuary)
  A worm (D:5)
  A dart slug (D:1)
  6 giant geckos
  25 orcs
  A ball python (D:1)
  4 giant cockroaches
  4 gnoll zombies (Ossuary)
  6 goblins
  4 hobgoblins
  11 jackals
  9 kobolds
  8 quokkas
  6 bats
  A giant gecko skeleton (D:4)
  A giant newt (D:1)
  10 hobgoblin zombies (Ossuary)
  3 kobold zombies (Ossuary)
  4 orc zombies (Ossuary)
  A quokka zombie (D:6)
  8 rats
172 creatures vanquished.

Vanquished Creatures (others)
  A giant frog skeleton (D:5)
  An orc (D:5)
2 creatures vanquished.

Grand Total: 174 creatures vanquished

Notes
Turn   | Place    | Note
--------------------------------------------------------------
     0 | D:1      | georgeearnest the Hill Orc Fighter began the quest for the Orb.
     0 | D:1      | Reached XP level 1. HP: 19/19 MP: 1/1
    53 | D:1      | Reached XP level 2. HP: 19/27 MP: 2/2
   243 | D:1      | Reached XP level 3. HP: 26/33 MP: 3/3
   767 | D:2      | Found a shattered altar of Ashenzari.
   794 | D:2      | Found a shimmering altar of Xom.
   914 | D:2      | Noticed an angel
   918 | D:2      | Found a glowing silver altar of Zin.
  1358 | D:3      | Noticed happinesssam's ghost (amateur DsAr)
  1375 | D:3      | Killed happinesssam's ghost
  1375 | D:3      | Reached skill level 1 in Dodging
  1375 | D:3      | Reached XP level 4. HP: 23/40 MP: 4/4
  1375 | D:3      | Reached XP level 5. HP: 26/46 MP: 5/5
  1689 | D:3      | Learned a level 4 spell: Force Lance
  1895 | D:3      | Gained mutation: Scrolls take you a little longer to read. [mutagenic glow]
  2473 | D:3      | Found a sparkling altar of Nemelex Xobeh.
  2807 | D:5      | Entered Level 5 of the Dungeon
  2958 | D:5      | Noticed an ice beast
  2988 | D:5      | Killed an ice beast
  2988 | D:5      | Reached skill level 5 in Shields
  2988 | D:5      | Reached XP level 6. HP: 40/52 MP: 2/6
  3251 | D:5      | Found a sparkling altar of Nemelex Xobeh.
  3589 | D:5      | Became a worshipper of Beogh the Brigand
  4132 | D:5      | Reached XP level 7. HP: 51/60 MP: 2/7
  4525 | D:6      | Reached skill level 5 in Armour
  4733 | D:6      | Reached skill level 5 in Axes
  4847 | D:6      | Found an opulent altar of Gozag.
  4940 | D:6      | Reached skill level 5 in Fighting
  4952 | D:6      | Reached * piety under Beogh
  4983 | D:6      | Reached skill level 1 in Conjurations
  4983 | D:6      | Reached XP level 8. HP: 58/68 MP: 2/8
  4988 | D:6      | Learned a level 3 spell: Gell's Gravitas
  5470 | D:6      | Found a staircase to the Ecumenical Temple.
  5654 | D:7      | Noticed Stormphoenix's ghost (novice DDFi)
  5674 | D:7      | Killed Stormphoenix's ghost
  5674 | D:7      | Reached skill level 1 in Throwing
  5674 | D:7      | Reached skill level 1 in Spellcasting
  5674 | D:7      | Reached skill level 1 in Hexes
  5749 | D:7      | Found a sand-covered staircase.
  5780 | Ossuary  | Entered an ossuary
  6017 | Ossuary  | Reached ** piety under Beogh
  6041 | Ossuary  | Reached XP level 9. HP: 69/78 MP: 3/11
  6480 | D:8      | Found a deep blue altar of Sif Muna.
  6943 | D:8      | Found a snail-covered altar of Cheibriados.
  7503 | D:8      | Found a radiant altar of Vehumet.
  8100 | D:9      | Noticed a merfolk
  8592 | D:8      | Noticed a green ugly thing
  8593 | D:8      | Noticed a komodo dragon
  8602 | D:8      | Noticed a flayed ghost
  8627 | D:8      | Slain by a green ugly thing

Vault maps used:
D:1:      dpeg_arrival_rhombi
D:2:      grunt_temple_overflow_order_and_chaos_1, ashenzari_altar_1
D:3:      lemuel_upstairs_altar, lemuel_tele_altar
D:4:      minmay_opposing_rooms, gammafunk_temple_overflow_pools,
          hangedman_decor_clover_reticule, feat_on_display, uniq_pikel
D:5:      nicolae_overflow_hidden_temple, first_bread, minmay_misc_feat_x,
          minmay_misc_feat_secret_circle, item_on_display_a
D:6:      nicolae_overflow_crystal_walls, minmay_temple_entry_from_below_a
D:7:      nicolae_ossuary_entry_ruins
D:8:      minmay_klotski, vehumet_statue, lemuel_crystal_altar, led_sif_pool
D:9:      kennysheep_little_box, hangedman_fish_farm
Ossuary:  ossuary_tomb_2

Skill      XL: |  1  2  3  4  5  6  7  8  9 |
---------------+----------------------------+-----
Axes           | 3 4 5 6 |  6.9
Fighting       | 4 5 6 7 |  7.9
Armour         | 4 5 6 7 |  7.1
Dodging        | 1 2 3 |  3.0
Shields        | 4 5 6 7 |  7.0
Conjurations   | 1 |  1.0
Throwing       | 1 2 |  2.9
Spellcasting   | 1 2 |  2.3
Hexes          | 2 3 |  3.1

Action                   |  1- 3 |  4- 6 |  7- 9 || total
-------------------------+-------+-------+-------++-------
Melee: War axe           |   146 |    51 |       ||   197
       Hand axe          |       |   168 |   619 ||   787
Throw: Throwing net      |       |       |     1 ||     1
Invok: Convert to Beogh  |       |     1 |       ||     1
  Use: Potion            |     1 |       |     9 ||    10
  Eat: Bread ration      |     1 |     2 |       ||     3
       Meat ration       |       |       |     2 ||     2
       Beef jerky        |       |       |     3 ||     3
Armor: Scale mail        |    74 |    63 |   131 ||   268
Dodge: Dodged            |    42 |    42 |   110 ||   194
Block: Shield            |    32 |       |       ||    32
       Large shield      |    67 |   188 |   450 ||   705
